 Dungeon Crawl Stone Soup version 0.17.0-56-gd8de76c (webtiles) character file.

135 gorblad the Skirmisher (level 4, -7/37 HPs)
             Began as a Demonspawn Berserker on Dec 6, 2015.
             Was a Priest of Trog.
             Killed from afar by an orc wizard (12 damage)
             ... with a puff of frost
             ... on level 3 of the Dungeon.
             The game lasted 00:07:07 (3093 turns).

gorblad the Skirmisher (Demonspawn Berserker)       Turns: 3093, Time: 00:07:07

Health: -7/37      AC:  3    Str: 18      XL:     4   Next: 97%
Magic:  4/4        EV: 13    Int:  9      God:    Trog [***...]
Gold:   176        SH:  0    Dex: 13 (14) Spells: 0 memorised, 3 levels left

rFire  . . .     SeeInvis .     a - +0 hand axe
rCold  . . .     Clarity  .     b - +0 animal skin
rNeg   . . .     SustAt   .     (no shield)
rPois  .         Gourm    .     (no helmet)
rElec  .         Spirit   .     m - +0 cloak
rCorr  .         Warding  .     (no gloves)
rMut   .         Stasis   .     (no boots)
MR     ++...                    (no amulet)
Stlth  +++.......               (no ring)
                                (no ring)

@: regenerating, very resistant to hostile enchantments, fairly stealthy
A: thin skeletal structure 1, nightstalker 1
a: Berserk, Trog's Hand, Burn Spellbooks, Renounce Religion


You were on level 3 of the Dungeon.
You worshipped Trog.
Trog was most pleased with you.
You were not hungry.

You visited 1 branch of the dungeon, and saw 3 of its levels.

You collected 176 gold pieces.

Inventory:

Hand Weapons
 a - a +0 hand axe (weapon)
Armour
 b - a +0 animal skin (worn)
 m - a +0 cloak (worn)
Jewellery
 r - an uncursed ring of fire {unknown}
Scrolls
 d - a scroll of immolation {unknown}
 g - a scroll of teleportation {unknown}
 i - 2 scrolls of remove curse {unknown}
 j - 2 scrolls of enchant armour {unknown}
 k - a scroll of recharging {unknown}
 l - a scroll of amnesia {unknown}
 n - a scroll of enchant weapon {unknown}
 o - 2 scrolls of identify {unknown}
 q - a scroll of noise {unknown}
Potions
 e - 2 potions of brilliance {unknown}
 p - a potion of curing {unknown}
Comestibles
 c - 3 bread rations
 f - 3 fruits
 h - a meat ration
 s - a chunk of flesh


   Skills:
 + Level 3.8 Fighting
 + Level 3.0 Axes
 + Level 1.8 Armour
 + Level 3.3 Dodging
 + Level 1.9 Stealth


You had 3 spell levels left.
You didn't know any spells.

Dungeon Overview and Level Annotations

Branches:
Dungeon (3/15)

Altars:
Cheibriados
Nemelex Xobeh
Okawaru


Innate Abilities, Weirdness & Mutations

You have a somewhat thin skeletal structure (Dex +2, Stealth).
You are slightly more attuned to the shadows.


Message History

You feel slightly more hungry.
The orc wizard hits you but does no damage.
The goblin hits you with a dagger.
* * * LOW HITPOINT WARNING * * *
The orc wizard casts a spell at you. The puff of frost hits you!
* * * LOW HITPOINT WARNING * * *
The orc priest hits you with a falchion.
* * * LOW HITPOINT WARNING * * *
The orc warrior barely misses you.
Okay, then.
Drink which item? (? for menu, Esc to quit)
You can't drink that!
Read which item? (? for menu, Esc to quit)
Okay, then.
The orc priest miscasts a cantrip.
The orc wizard hits you but does no damage.
The orc wizard casts a spell at you. The puff of frost hits you!
You die...

#.......
##......#
#.......##
#........#
#.)......#
#..oo....#
#....o...#
#.goo....#
#...@....#
#........#
####..#### #..#
... #..#######
#..## #.........
..... #.#...###
###..#
#.......###....#
##.......(.#.#..#


You could see an orc warrior, 2 orc priests, an orc wizard, an orc and a goblin.

Vanquished Creatures
  A quasit (D:3)
  4 adders
  A worm (D:2)
  2 giant geckos (D:2)
  An orc (D:3)
  4 bats
  6 giant cockroaches
  13 goblins
  10 hobgoblins
  2 ball pythons (D:1)
  6 giant newts
  8 kobolds
  A quokka (D:2)
  8 rats
67 creatures vanquished.

Notes
Turn   | Place    | Note
--------------------------------------------------------------
     0 | D:1      | gorblad the Demonspawn Berserker began the quest for the Orb.
     0 | D:1      | Reached XP level 1. HP: 18/18 MP: 1/1
   388 | D:1      | Gained mutation: You have a somewhat thin skeletal structure (Dex +2, Stealth). [demonic ancestry]
   388 | D:1      | Reached XP level 2. HP: 20/24 MP: 2/2
   744 | D:1      | Reached ** piety under Trog
  1087 | D:1      | Gained mutation: You are slightly more attuned to the shadows. [demonic ancestry]
  1087 | D:1      | Reached XP level 3. HP: 29/29 MP: 3/3
  1456 | D:2      | Found an iron altar of Okawaru.
  1545 | D:2      | Reached skill level 1 in Stealth
  1822 | D:2      | Found a faded altar to an unknown god.
  1988 | D:2      | Reached XP level 4. HP: 14/36 MP: 4/4
  2909 | D:3      | Reached *** piety under Trog
  2981 | D:3      | Found a sparkling altar of Nemelex Xobeh.
  3048 | D:3      | Found a snail-covered altar of Cheibriados.
  3084 | D:3      | Noticed an orc warrior
  3090 | D:3      | HP: 1/37 [orc priest/falchion (4)]
  3093 | D:3      | Killed from afar by an orc wizard

Action                   |  1- 3 |  4- 6 || total
-------------------------+-------+-------++-------
Melee: Hand axe          |   166 |    64 ||   230
Invok: Trog's Hand       |       |     1 ||     1
 Stab: Sleeping          |     4 |     4 ||     8
       Distracted        |       |     1 ||     1
  Eat: Chunk             |     4 |     3 ||     7
